Map: Ley Lines

Players

LiquidClem (Clem) - Winner!

  • Race: Terran Terran
  • Spawn Location: 7:00

Krystianer

  • Race: Protoss Protoss
  • League: Master
  • Spawn Location: 1:00

Event: FEL Cracov 2025

VOD

Have the link to the VOD?

Description

Time

  • Played on: July 27, 2025, 8:23 a.m.
  • Length: 10:24

All games in this series

Show
View Real Time Build Order
Export as new Build Order

LiquidClem Terran - Winner!

Build Orders:  

Get SALT Encoding   

  12  0:00  SCV  
  13  0:12  SCV  
  14  0:17  Supply Depot  
  14  0:24  SCV  
  15  0:39  SCV  
  15  0:42  Barracks  
  16  0:45  Refinery  
  16  0:51  SCV  
  16  0:54  Refinery  
  17  1:03  Barracks, SCV  
  18  1:15  SCV  
  18  1:16  Engineering Bay  
  19  1:27  SCV  
  21  1:40  SCV  
  21  1:50  Factory, Reaper  
  21  1:52  Orbital Command  
  22  1:57  Supply Depot  
  22  2:18  SCV  
  22  2:22  Reaper  
  24  2:30  SCV  
  24  2:36  Command Center  
  25  2:37  Hellion  
  25  2:42  SCV  
  28  2:47  Starport  
  28  2:54  Supply Depot  
  28  2:55  SCV  
  28  2:57  Barracks Reactor  
  29  3:02  Widow Mine  
  30  3:07  SCV  
  31  3:19  SCV  
  32  3:23  Barracks  
  32  3:25  Widow Mine  
  34  3:30  Medivac  
  34  3:32  SCV  
  37  3:35  Marine  
  37  3:37  Marine  
  39  3:50  Factory Tech Lab  
  39  3:52  SCV  
  40  3:56  Marine x2  
  40  3:57  Supply Depot  
  40  4:01  Starport Tech Lab  
  42  4:05  SCV  
  46  4:10  Siege Tank  
  46  4:11  Marine  
  46  4:15  Marine x2  
  49  4:17  Orbital Command  
  49  4:20  SCV  
  50  4:28  Banshee  
  53  4:32  Supply Depot, SCV  
  53  4:35  Marine x2  
  53  4:37  Marine  
  57  4:45  SCV  
  56  4:46  SCV  
  56  4:51  Siege Tank  
  59  4:53  Marine  
  59  4:57  SCV  
  59  4:59  Bunker  
  60  5:01  Marine  
  60  5:02  Supply Depot  
  60  5:04  Marine  
  60  5:05  SCV  
  63  5:11  Banshee  
  63  5:12  SCV  
  67  5:17  SCV  
  67  5:18  Marine  
  69  5:23  Supply Depot  
  69  5:24  SCV  
  69  5:25  Marine  
  69  5:26  Marine  
  70  5:29  SCV, Siege Tank  
  70  5:36  SCV  
  70  5:38  Marine  
  70  5:41  SCV  
  69  5:45  Supply Depot, Marine  
  69  5:46  Marine  
  69  5:49  SCV  
  72  5:53  SCV  
  72  5:56  Marine  
  74  6:00  Supply Depot  
  74  6:01  SCV, Siege Tank  
  77  6:05  SCV  
  77  6:11  Banshee, Marine x2  
  78  6:13  SCV  
  78  6:14  Marine  
  79  6:20  Supply Depot  
  79  6:26  Bunker  
  79  6:29  SCV, Marine x2  
  79  6:31  SCV  
  79  6:32  Marine  
  75  6:36  Siege Tank  
  74  6:41  SCV  
  74  6:43  SCV  
  70  6:47  Marine x2  
  70  6:49  Marine  
  70  6:53  SCV  
  67  6:55  SCV  
  67  6:58  Banshee  
  68  7:05  Marine x2, SCV  
  68  7:07  SCV, Marine  
  67  7:13  Siege Tank  
  67  7:17  SCV  
  67  7:19  SCV  
  67  7:22  Marine  
  69  7:24  Marine  
  69  7:25  Barracks  
  69  7:27  Bunker  
  69  7:29  SCV  
  72  7:32  SCV  
  73  7:37  Engineering Bay  
  73  7:41  Refinery, Viking, SCV  
  76  7:45  Marine x2  
  76  7:48  Marine  
  78  7:52  SCV  
  78  7:54  SCV  
  77  8:02  Supply Depot  
  77  8:04  SCV  
  75  8:07  SCV  
  75  8:10  Refinery  
  75  8:16  SCV  
  75  8:17  Siege Tank, Marine  
  75  8:18  Marine x2  
  75  8:19  SCV  
  81  8:21  Terran Infantry Weapons Level 1  
  81  8:22  Starport Reactor  
  81  8:28  SCV  
  81  8:31  SCV, Stimpack, Marauder  
  85  8:35  Marine  
  85  8:37  Supply Depot  
  85  8:38  Marine  
  85  8:41  SCV  
  88  8:43  SCV  
  88  8:48  Barracks Tech Lab  
  88  8:49  Siege Tank  
  88  8:53  SCV, Marauder  
  88  8:55  SCV  
  94  8:56  Marine x2  
  94  8:59  Medivac  
  94  9:02  Medivac  
  98  9:05  Supply Depot  
  98  9:09  Marauder  
  95  9:14  Marine x2  
  95  9:15  Marauder  
  96  9:18  SCV x2  
  94  9:25  Siege Tank  
  94  9:30  SCV x2  
  97  9:32  Marauder  
  97  9:33  Medivac  
  101  9:39  Marine x2  
  101  9:40  Marauder  
  105  9:47  Supply Depot  
  101  9:53  Medivac, Marauder  
  101  9:57  Marine x2  
  104  10:02  Marauder  
  100  10:24  Barracks x2  
Show
View Real Time Build Order
Export as new Build Order

Krystianer Protoss 

Build Orders: 1 Gate Expand, Blink Stalkers 

Get SALT Encoding   

  12  0:00  Probe  
  13  0:12  Probe  
  14  0:17  Pylon  
  14  0:22  Probe  
  15  0:31  Probe  
  16  0:37  Gateway  
  16  0:39  Probe  
  16  0:45  Assimilator  
  17  0:51  Probe  
  18  1:03  Probe  
  19  1:15  Probe  
  20  1:27  Cybernetics Core  
  21  1:37  Nexus  
  20  1:40  Pylon  
  20  1:44  Probe  
  21  1:50  Assimilator  
  21  1:53  Adept  
  21  1:56  Probe  
  21  1:58  Warp Gate  
  24  2:09  Probe  
  25  2:20  Stalker  
  25  2:25  Probe  
  28  2:32  Twilight Council  
  27  2:37  Probe  
  28  2:47  Stalker, Probe  
  28  2:49  Probe  
  32  2:55  Probe  
  32  3:00  Blink  
  32  3:01  Probe  
  32  3:03  Probe  
  33  3:14  Probe  
  33  3:15  Probe  
  33  3:19  Gateway  
  35  3:27  Probe  
  35  3:28  Gateway, Probe  
  37  3:36  Probe  
  37  3:38  Robotics Facility  
  38  3:42  Probe  
  38  3:47  Stalker  
  41  3:48  Probe  
  41  3:54  Gateway  
  42  3:56  Probe  
  42  4:01  Probe  
  44  4:02  Pylon  
  44  4:08  Probe  
  45  4:13  Probe  
  45  4:14  Assimilator  
  45  4:15  Warp Prism  
  45  4:16  Pylon  
  46  4:26  Stalker  
  46  4:30  Stalker  
  52  4:34  Probe  
  52  4:35  Stalker  
  52  4:57  Stalker x2  
  52  4:59  Stalker  
  57  5:05  Pylon  
  57  5:07  Stalker  
  56  5:25  Stalker x2  
  56  5:26  Stalker  
  52  5:36  Probe  
  52  5:41  Stalker  
  54  5:48  Stalker  
  54  5:49  Probe  
  57  5:51  Stalker x2  
  57  5:52  Probe  
  59  6:01  Observer  
  59  6:05  Stalker  
  61  6:12  Stalker  
  61  6:15  Stalker x2  
  67  6:19  Shield Battery  
  66  6:26  Pylon  
  62  6:32  Stalker  
  62  6:37  Stalker  
  60  6:48  Stalker x2  
  60  6:49  Probe  
  51  6:54  Probe  
  51  6:56  Stalker  
  48  7:02  Probe  
  48  7:04  Stalker  
  48  7:08  Probe  
  49  7:11  Probe  
  51  7:16  Probe  
  51  7:19  Probe  
  52  7:24  Probe  
  52  7:28  Probe  
  54  7:36  Probe  
  56  7:38  Stalker x2  
  56  7:40  Probe  
  61  7:46  Stalker  
  61  7:48  Stalker, Probe  
  66  7:52  Probe  
  64  8:00  Probe  
  64  8:04  Stalker, Probe  
  64  8:19  Stalker  
  65  8:28  Charge  
  65  8:30  Probe  
  65  8:31  Probe  
  65  8:32  Nexus  
  67  8:34  Pylon  
  67  8:40  Templar Archives  
  67  8:41  Probe  
  67  8:45  Stalker, Probe  
  66  8:50  Probe  
  66  8:53  Probe  
  68  8:59  Stalker x2  
  73  9:06  Stalker  
  73  9:07  Probe  
  73  9:08  Probe  
  77  9:16  Stalker  
  77  9:19  Shield Battery, Probe  
  77  9:20  Probe  
  77  9:22  Stalker  
  75  9:31  Probe  
  75  9:32  Probe  
  75  9:33  Stalker x2  
  81  9:40  Stalker  
  81  9:44  Probe x2  
  85  9:46  Zealot  
  83  9:55  Probe  
  83  9:56  Probe x2, Stalker x2  
  90  10:06  Zealot x2  
  98  10:07  Probe  
  98  10:09  Probe  
  98  10:10  Probe  
  87  10:20  Stalker  
  70  10:22  Zealot  
Tags
 
Add a new tag
Caveats
  • Supply blocks, unpowered buildings, or Contaminate may cause inaccurate times.
  • Supply counts are checked every 10 seconds.